Cogmind - Beta 16.1 @@@ ROGUE MODE // 2026.02.17 @ 00:55:42 Player: TheSkyeDoctor Result: Destroyed by G-47 Trooper with Particle Gun Performance ------------- Evolutions (2) 1000 Regions Visited (4) 800 Robots Destroyed (2) 10 Value Destroyed (81) 81 Prototype IDs (0) 0 Alien Tech Used (0) 0 Bonus (0) 0 TOTAL SCORE: 1891 Bonus ------- None Cogmind --------- Core Integrity 0/550 Matter 300/300 Energy 99/100 System Corruption 0% Temperature Cool (9) Movement Core (50) Location -8/Materials Parts ------- > --- POWER (1) -------- (None) > --- PROPULSION (5) --- (None) > --- UTILITY (3) ------ (None) > --- WEAPON (2) ------- (None) > --- INVENTORY (5) ---- VTOL Module Small Storage Unit Advanced Targeting Computer Advanced Targeting Computer Peak State ------------ > --- POWER ------------ (None) > --- PROPULSION ------- Combat Airjet > --- UTILITY ---------- Small Storage Unit Advanced Targeting Computer Advanced Targeting Computer > --- WEAPON ----------- (None) > --- INVENTORY -------- VTOL Module [Rating: 12] Favorites ----------- Power Light Ion Engine Engine Light Ion Engine Propulsion Light Treads Treads Light Treads Hover Unit Combat Airjet Flight Unit VTOL Module Utility Small Storage Unit Storage Small Storage Unit Processor Advanced Targeting Computer Weapon Assault Rifle Energy Gun Medium Laser Ballistic Gun Assault Rifle Launcher Grenade Launcher Build | -11 -10 -10 -9 -8 ------- Run | Yrd Mat Min Mat Mat Slots Evolved 4 | . . . 2 2 Power . | . . . . . Propulsion 3 | . . . 2 1 Utility 1 | . . . . 1 Weapon . | . . . . . Parts Attached 12 | 6 . 3 1 2 Power 2 | 1 . 1 . . Engine 2 | 1 . 1 . . Core . | . . . . . Reactor . | . . . . . Propulsion 4 | 2 . 1 1 . Treads 2 | 2 . . . . Leg . | . . . . . Wheel . | . . . . . Hover 1 | . . 1 . . Flight 1 | . . . 1 . Utility 3 | 1 . . . 2 Device . | . . . . . Storage 1 | 1 . . . . Processor 2 | . . . . 2 Hackware . | . . . . . Protection . | . . . . . Artifact . | . . . . . Weapon 3 | 2 . 1 . . Energy Gun 1 | 1 . . . . Energy Cannon . | . . . . . Ballistic Gun 1 | 1 . . . . Ballistic Cannon . | . . . . . Launcher 1 | . . 1 . . Special Weapon . | . . . . . Impact Weapon . | . . . . . Slashing Weapon . | . . . . . Piercing Weapon . | . . . . . Special Melee Weapon . | . . . . . Unidentified Prototypes . | . . . . . Parts Lost 8 | . . 5 1 2 Power 2 | . . 1 1 . Propulsion 2 | . . 1 . 1 Utility 1 | . . . . 1 Weapon 3 | . . 3 . . Highest Loss Streak 5 | . . 5 1 2 To Critical Strikes . | . . . . . Average Backups 1 | 1 1 1 1 2 Power . | 1 1 . . . Propulsion . | . . . . 1 Utility . | . . . . 1 Weapon . | . . . . . Tool/Special . | . . . . . Unused Backups 2 | . . . . 2 Power . | . . . . . Propulsion . | . . . . . Utility 2 | . . . . 2 Weapon . | . . . . . Tool/Special . | . . . . . Average Slot Usage (%) 46 | . 85 45 17 26 Engine 6 | . 14 8 1 . Treads 11 | . 28 12 . . Hover 3 | . . 1 11 7 Storage 8 | . 14 8 5 7 Processor 2 | . . . . 11 Energy Gun 5 | . 14 6 . . Ballistic Gun 6 | . 14 7 . . Peak Build Rating 12 | 6 6 6 7 12 Average Rating 5 | 3 6 3 5 9 On Entrance 4 | . 6 6 5 6 Avg Prop Armor Cover (%) . | . . . . . Naked Turns 96 | . . 86 . 10 Heaviest Build 12 | 12 12 12 8 5 Greatest Support 40 | 40 40 40 12 12 Greatest Overweight (x) 1 | 1 . . . . Average Overweight (x) . | . . . . . Largest Inventory Capacity 8 | 8 8 8 8 8 Average Capacity 7 | 7 8 6 6 7 Most Carried 6 | 6 2 3 3 4 Average Carried 1 | 1 1 1 1 2 Final Capacity 8 | 8 8 5 8 5 Final Carried 4 | 1 2 2 1 4 Class Distribution -------------------- 100% | Mutant Dominant Class ---------------- Mutant | -10/Materials Mutant | -10/Mines Mutant | -9/Materials Mutant | -8/Materials Resources | -11 -10 -10 -9 -8 ----------- Run | Yrd Mat Min Mat Mat Matter Collected 466 | 203 72 136 . 55 Remotely . | . . . . . Salvage Created 127 | . 89 38 . . Parts 4 | . 4 . . . Haulers Intercepted . | . . . . . Recyclers Shooed . | . . . . . Parts Field Recycled . | . . . . . Retrieved Matter . | . . . . . Parts Self-Destructed . | . . . . . Prevented . | . . . . . Parts Restored . | . . . . . Kills | -11 -10 -10 -9 -8 ------- Run | Yrd Mat Min Mat Mat Combat Hostiles Destroyed 11 | . 2 9 . . Guns 4 | . 2 2 . . AOE 7 | . . 7 . . Classes Destroyed 2 | . 1 1 . . Grunt 2 | . 2 . . . Assembled 9 | . . 9 . . Best Kill Streak 9 | . 1 9 . . Combat Bots Only 9 | . 1 9 . . Max Kills in Single Turn 3 | . 1 3 . . Gunslinging . | . . . . . Exploded 3 | . . 3 . . Melee . | . . . . . Uniques/NPCs Destroyed . | . . . . . Combat | -11 -10 -10 -9 -8 -------- Run | Yrd Mat Min Mat Mat Hostile Shots Fired 150 | . 6 56 30 58 Missed 50 | . . 20 8 22 Hits 100 | . 6 36 22 36 Melee 14 | . . 9 . 5 Projectile 86 | . 6 27 22 31 AOE 1 | . . . . 1 Critical Strikes 4 | . . 3 . 1 Damage Taken 1796 | . 90 692 330 684 Core 966 | . 18 180 206 562 Absorbed by Shields . | . . . . . Core Remaining (%) 56 | 100 . 20 48 . Volleys Fired 18 | . 5 13 . . Largest 2 | . 2 2 . . Hottest 70 | . 70 70 . . Shots Fired 36 | . 10 26 . . Gun 28 | . 10 18 . . Cannon . | . . . . . Launcher 8 | . . 8 . . Special . | . . . . . Kinetic 18 | . 5 13 . . Thermal 10 | . 5 5 . . Explosive 8 | . . 8 . . Electromagnetic . | . . . . . Robot Hit Streak 7 | . 6 7 . . Robot Miss Streak 3 | . 2 3 . . Penetration Max . | . . . . . Secondary Targets 1 | . . 1 . . Max Gunslinging Chain 1 | . . 1 . . Shots Hit Robots 19 | . 7 12 . . Core Hits 24 | . 5 19 . . Critical Kills . | . . . . . Critical Parts Destroyed . | . . . . . Critical Strikes . | . . . . . Melee Attacks . | . . . . . Impact . | . . . . . Slashing . | . . . . . Piercing . | . . . . . Sneak Attacks . | . . . . . Combat Hostiles . | . . . . . Follow-up Attacks . | . . . . . Damage Inflicted 568 | . 85 478 . 5 Guns 186 | . 85 101 . . Cannons . | . . . . . Explosions 375 | . . 375 . . Melee . | . . . . . Ramming 7 | . . 2 . 5 Kinetic 86 | . 35 51 . . Thermal 100 | . 50 50 . . Explosive 375 | . . 375 . . Electromagnetic . | . . . . . Impact . | . . . . . Slashing . | . . . . . Piercing . | . . . . . Highest Corruption . | . . . . . Average Corruption . | . . . . . Corruption Purged . | . . . . . Corruption Blocked . | . . . . . Overload Shots . | . . . . . Overflow Damage 21 | . . 21 . . Projectiles . | . . . . . Explosions 21 | . . 21 . . Melee . | . . . . . Knockbacks . | . . . . . Impact . | . . . . . Kinetic . | . . . . . Secondary . | . . . . . Self-Inflicted Damage 86 | . . 84 . 2 Shots 4 | . . 4 . . Rammed 3 | . . 2 . 1 Targets Rammed 3 | . . 2 . 1 Kicked . | . . . . . Crushed . | . . . . . Highest Temperature 57 | . 57 51 . . Average Temperature 27 | . 29 26 . . Received Heat Transfer 445 | . 48 109 99 189 Siege Activations . | . . . . . Martial Activations . | . . . . . Shielding Activations . | . . . . . Robots Disrupted . | . . . . . Combat Hostiles . | . . . . . Robots Corrupted . | . . . . . Combat Hostiles . | . . . . . Parts Fried . | . . . . . Impact Corruptions . | . . . . . Robots Melted . | . . . . . Combat Hostiles . | . . . . . Parts Melted . | . . . . . Heat Transferred 296 | . 148 148 . . Parts Sabotaged . | . . . . . Parts Stolen . | . . . . . Parts Stripped . | . . . . . Power Chain Reactions . | . . . . . Alert | -11 -10 -10 -9 -8 ------- Run | Yrd Mat Min Mat Mat Maximum Alert Level . | . . . . . Low Security (%) 100 | 100 100 100 100 100 Level 1 . | . . . . . Level 2 . | . . . . . Level 3 . | . . . . . Level 4 . | . . . . . Level 5 . | . . . . . High Security . | . . . . . Max Security . | . . . . . Peak Influence 45 | . 45 40 15 . Initial 15 | . . 5 15 . Average 8 | . 19 7 3 . Influence Increases 164 | . 65 99 . . Destroy 0b10 Robot/C 40 | . 40 . . . Destroy Leader 10 | . 10 . . . Destroy Structure 39 | . . 39 . . Lose Combat Pursuer 75 | . 15 60 . . Influence Decreases 164 | . 50 74 40 . Entered New Map 35 | . . 10 25 . Time Decay 109 | . 50 44 15 . Lost Part 20 | . . 20 . . Squads Dispatched 3 | . . . 1 2 Investigation . | . . . . . Extermination . | . . . . . Reinforcement 3 | . . . 1 2 Assault . | . . . . . Garrison . | . . . . . Intercept . | . . . . . Searches Triggered . | . . . . . Construction Impeded . | . . . . . Haulers Reinforced . | . . . . . Active Scanning Responses . | . . . . . Cargo Convoy Interrupts . | . . . . . Stealth | -11 -10 -10 -9 -8 --------- Run | Yrd Mat Min Mat Mat Distress Signals 4 | . . 1 2 1 Communications Jammed . | . . . . . Distress Signals . | . . . . . Times Spotted 58 | . 3 25 9 21 Peak Tracking Total 20 | . 2 13 7 20 Tactical Retreats 8 | . 1 7 . . Traps | -11 -10 -10 -9 -8 ------- Run | Yrd Mat Min Mat Mat Traps Triggered . | . . . . . Indirectly . | . . . . . Trap Hack Attempts . | . . . . . Triggered . | . . . . . Disarmed . | . . . . . Reprogrammed . | . . . . . Reused . | . . . . . Traps Extracted . | . . . . . Installed . | . . . . . Triggered . | . . . . . Machines | -11 -10 -10 -9 -8 ---------- Run | Yrd Mat Min Mat Mat Machines Disabled . | . . . . . Max in Single Turn . | . . . . . Machines Repaired . | . . . . . Machines Dismantled . | . . . . . Machines Sabotaged . | . . . . . Overloaded Fab Kills . | . . . . . Hacking | -11 -10 -10 -9 -8 --------- Run | Yrd Mat Min Mat Mat Machines Accessed 3 | . 1 . 1 1 Terminals 3 | . 1 . 1 1 Fabricators . | . . . . . Repair Stations . | . . . . . Recycling Units . | . . . . . Scanalyzers . | . . . . . Garrison Access . | . . . . . Total Hacks 5 | . 2 . 1 2 Successful . | . . . . . Failed 5 | . 2 . 1 2 Catastrophic . | . . . . . Database Lockouts . | . . . . . Manual 5 | . 2 . 1 2 Terminals 5 | . 2 . 1 2 Fabricators . | . . . . . Repair Stations . | . . . . . Recycling Units . | . . . . . Scanalyzers . | . . . . . Garrison Access . | . . . . . Terminal Hacks . | . . . . . Fabricator Hacks . | . . . . . Repair Station Hacks . | . . . . . Recycling Unit Hacks . | . . . . . Scanalyzer . | . . . . . Garrison Access Hacks . | . . . . . Unauthorized Hacks . | . . . . . Terminals . | . . . . . Fabricators . | . . . . . Repair Stations . | . . . . . Recycling Units . | . . . . . Scanalyzers . | . . . . . Garrison Access . | . . . . . Data Cores Recovered . | . . . . . Used . | . . . . . Hacking Detections 3 | . 1 . 1 1 Full Trace Events . | . . . . . Feedback Events . | . . . . . Feedback Blocked . | . . . . . Robot Schematics Acquired . | . . . . . Robots Built . | . . . . . Authchips . | . . . . . Time . | . . . . . Total Robot Build Rating . | . . . . . Part Schematics Acquired . | . . . . . Parts Built . | . . . . . Authchips . | . . . . . Time . | . . . . . Total Part Build Rating . | . . . . . Part Studies Acquired . | . . . . . Parts Repaired . | . . . . . Time . | . . . . . Parts Recycled . | . . . . . Recycled Matter . | . . . . . Retrieved Matter . | . . . . . Retrieved Components . | . . . . . Parts Scanalyzed . | . . . . . Part Schematics Acquired . | . . . . . Parts Damaged . | . . . . . Bothacking | -11 -10 -10 -9 -8 ------------ Run | Yrd Mat Min Mat Mat Used RIF Installer . | . . . . . Robots Hacked . | . . . . . Non-combat . | . . . . . Combat . | . . . . . Robot Hacks Applied . | . . . . . Relay Couplers Released . | . . . . . Fabnet Peak Effective % . | . . . . . Robots Rewired . | . . . . . Allies Hacked . | . . . . . Hacks Repelled . | . . . . . Allies | -11 -10 -10 -9 -8 -------- Run | Yrd Mat Min Mat Mat Total Allies . | . . . . . Largest Group . | . . . . . Highest-Rated Group . | . . . . . Highest-Rated Ally . | . . . . . Total Orders . | . . . . . Ally Attacks . | . . . . . Total Damage . | . . . . . Kills . | . . . . . Allies Corrupted . | . . . . . Allies Melted . | . . . . . Intel | -11 -10 -10 -9 -8 ------- Run | Yrd Mat Min Mat Mat Active Infowar (turns) . | . . . . . Robot Analysis Total . | . . . . . Derelict Logs Recovered . | . . . . . Drone Launches . | . . . . . Drone Recoveries . | . . . . . Exploration | -11 -10 -10 -9 -8 ------------- Run | Yrd Mat Min Mat Mat Turns Passed 632 | 51 146 239 99 97 Spaces Moved 602 | 35 82 242 116 127 Core 222 | 16 . 164 . 42 Treads 155 | 19 82 54 . . Legs . | . . . . . Wheels . | . . . . . Hover 225 | . . 24 116 85 Flight . | . . . . . Fastest Speed 50 | 50 160 50 80 50 Average Speed 89 | 114 160 77 80 70 Slowest Speed 160 | 160 160 160 80 80 Overloaded Moves . | . . . . . Propulsion Burnouts . | . . . . . Robots Hopped . | . . . . . Potential Cave-ins . | . . . . . Cave-ins Triggered . | . . . . . Exploration Rate (%) 20 | 3 24 34 19 21 Regions Visited 4 Branch Regions 1 Pre-discovered Areas . | . . . . . Known Exits Taken . | . . . . . Unknown Exits Taken 4 | 1 1 1 1 . Scrap Searched . | . . . . . Spaces Dug . | . . . . . Terrain Destroyed 62 | . . 62 . . Melee . | . . . . . Projectile . | . . . . . AOE 62 | . . 62 . . Terrain Rammed . | . . . . . Walls Destroyed . | . . . . . Machines Disabled . | . . . . . Actions | -11 -10 -10 -9 -8 --------- Run | Yrd Mat Min Mat Mat Total 656 | 46 87 268 120 135 Wait 2 | . . 2 . . Move 598 | 34 81 241 115 127 Hop . | . . . . . Pick Up 14 | 6 1 2 1 4 Fast Attach 1 | 1 . . . . Attach 13 | 5 . 4 2 2 Detach 3 | . . 2 . 1 Swap 3 | . . 1 2 . Drop 1 | . . 1 . . Fire 18 | . 5 13 . . Melee . | . . . . . Ram 3 | . . 2 . 1 Kick . | . . . . . Crush . | . . . . . Escape Stasis . | . . . . . Rewire . | . . . . . Trap . | . . . . . Miscellaneous . | . . . . . Route ------- -11/Scrapyard -10/Materials -10/Mines -9/Materials -8/Materials History --------- Turn | Location | Event 8 | -11/Scrapyard | Discovered new exit (range 15) 52 | -11/Scrapyard | Entered Materials 179 | -10/Materials | Discovered new exit (range 13) 198 | -10/Materials | Entered Mines 219 | -10/Mines | Assembled infested the area 224 | -10/Mines | Assisted by a Guerilla fighting off Assembled 279 | -10/Mines | Core integrity fell below 50% 308 | -10/Mines | Build established: Mutant 309 | -10/Mines | Destroyed 9 combat bots 356 | -10/Mines | Lost 5 parts (1p1n3w) 431 | -10/Mines | Discovered new exit (range 7) 437 | -10/Mines | Entered Materials 437 | -9/Materials | Evolved 2 slots: Propulsion x2 524 | -9/Materials | Discovered new exit (range 16) 534 | -9/Materials | Core integrity fell below 50% 536 | -9/Materials | Entered another Materials area 536 | -8/Materials | Evolved 2 slots: Propulsion x1, Utility x1 620 | -8/Materials | Core integrity fell below 50% 626 | -8/Materials | Core integrity fell below 20% 633 | -8/Materials | Destroyed by G-47 Trooper with Particle Gun Last Messages --------------- K-01 Serf collects debris. U-05 Engineer builds a Door. Cmb. Airjet destroyed. U-05 Engineer lays Concrete. Knocked back. C-17 Slicer knocked back. U-05 Engineer knocked back. C-17 Slicer knocked back. U-05 Engineer lays Concrete. Knocked back. U-05 Engineer lays Concrete. Knocked back. U-05 Engineer builds a Door. U-05 Engineer lays Concrete. Adv. Targeting Computer destroyed. U-05 Engineer builds a Wall. Adv. Targeting Computer severed. U-05 Engineer destroyed. W-25 Informer sends out distress signal. Map ----- +----------------------------------------------------+ | ?????????????????????????????????????????????????? | | ?????????????????????????????????????????????????? | | ?????????????????????????????????????????????????? | | ?????????????????????????????????????????????????? | | ?????????????????????????????????????????????????? | | ?????????????????????????????????????????????????? | | ?????????????????????????????????????????????????? | | ?????????????????????????????????????????????????? | | ?????????????????????????????????????????????????? | | ?????????????????????????????????????????????????? | | ?????????????????????????????????????????????????? | | ?????????????????????????????????????????????????? | | ?????????????????????????????????????????????????? | | ?????????????????????? ??????????????????????????? | | ?????????????????????? ?????????????????????????? | | ?????????????????????? ?????????????????????????? | | ?????????????????????? ?????????????????????????? | | ?????????????????????? ?????????????????????????? | | ?????????????? ?????# ?????????????????????????? | | ?????????????# ?????# ?????????????????????????? | | ?????????????# ?????# ?????????????????????????? | | ?????????????# ?????# #????????????????????????? | | ?????????????# ?????# ######???????????????????? | | ?????????????# ?????+ ????????????????????? | | ?????????????# ?????# u#?????????????????????? | | ?????????????+ #????# g@ #?????????????????????? | | ?????????????# #????#g #?????????????????????? | | ?????????????# #????# c #?????????????????????? | | ?????????????# #????# s #?????????????????????? | | ?????????????# ######c## #?????????????????????? | | ?????????????# # ss#? #?????????????????????? | | ?????????????# # #?w#?????????????????????? | | ?????????????# / #? #?????????????????????? | | ?????????????# # #? #?????????????????????? | | ########?????# # k #? #?????????????????????? | | #?????# ! # [ #? #?????????????????????? | | "" """ ####??#*%!######### #?????????????????????? | | "" """ """#??# ! ##### #?????????????????????? | | "" """ R"#??# #?????????????????????? | | """##?# +?????????????????????? | | ! # #?# #?????????????????????? | | ! # #?#H ##### #?????????????????????? | | # ### ##???? ##?????????????????????? | | ####+####+### #????? #??????????????????????? | | ### #???????#??????????????????????? | | + % #??????????????????????????????? | | ### % #??????????????????????????????? | | # ####### % #??????????????????????????????? | | # #??# #######??????????????????????????????? | | # #? ????????????????????????????????? | +----------------------------------------------------+ Best States ------------- Heat Dissipation 31 Energy Generation 10 Energy Capacity 125 Matter Stores 300 Matter Capacity 300 Sight Range 16 Terrain Scan Density 10 Evasion (%) 50 Targeting Accuracy 16 Recoil Reduction 2 Item Schematics ----------------- None Robot Schematics ------------------ None Fabricated ------------ Nothing Repaired ---------- Nothing Studied --------- None Alien Tech Used ----------------- None Achievements -------------- None Challenges ------------ None Game ------ Seed StorageLinearCyclogen Manual? 0 Play Time 00:08:44 Cumulative 28.4 hours Start 2026.02.17 @ 00:48:27 End 2026.02.17 @ 00:55:42 Sessions 1 Manual Loads 0 Difficulty Rogue Special Mode None Game No. 68 Rogue 68 Adventurer 0 Explorer 0 Win Type - Total 0 Types 0/0/0/0/0/0/0/0/0/0 Lore% 24 Gallery% 29 Achievement% 22 Wizard Run 0 Options --------- Layout 1 ASCII 0 Keyboard 0 Movement Mouse Keybinds 0 Fullscreen 1 Font 24/Smallcaps Map View 50x35 Zoom Use 0% Tactical HUD 0 Map Filters NONE Filters NONE Steam 1 RUN: 7cd2f31c-5a78-497a-9d4a-989420826247